 Dungeon Crawl Stone Soup version 0.31.0-32-g396128a36d (webtiles) character file.

Game seed: 16324500472585624741

10024 Tovical the Basher (level 11, -3/67 HPs)
             Began as a Gargoyle Fighter on Mar 10, 2024.
             Was a Priest of Zin.
             Slain by a black mamba (8 damage)
             ... on level 2 of the Lair of Beasts on Mar 14, 2024.
             The game lasted 00:45:47 (10640 turns).

Tovical the Basher (Gargoyle Fighter)              Turns: 10640, Time: 00:45:48

Health: -3/67      AC: 24    Str: 26    XL:     11   Next: 55%
Magic:  14/15      EV:  6    Int: 13    God:    Zin [***...]
Gold:   482        SH: 12    Dex:  9    Spells: 10/10 levels left

rFire   . . .        x - +5 mace (protect)
rCold   + . .        w - +3 kite shield
rNeg    + . .        o - +0 plate armour
rPois   ∞            B - +2 hat
rElec   +            a - +0 cloak
rCorr   .            (no gloves)
SInv    .            (no boots)
Will    .....        (no amulet) Stlth
                     k - ring of protection from cold
HPRegen 0.31/turn    r - +6 ring of strength
MPRegen 0.14/turn

%: no passive effects
@: hasted, very quick
A: sickness immunity, AC +8, negative energy resistance 1, electricity
resistance, torment resistance 1, petrification resistance
a: Renounce Religion, Recite, Vitalisation, Imprison, Donate Gold


You were on level 2 of the Lair of Beasts.
You worshipped Zin.
Zin was most pleased with you.
You visited 3 branches of the dungeon, and saw 14 of its levels.

You collected 532 gold pieces.
You donated 50 gold pieces to Zin.

Inventory:

Hand Weapons
 x - a +5 mace of protection (weapon)
 D - a +3 flail
 F - a +3 scimitar of flaming
Missiles
 f - 20 poisoned darts
 n - 8 boomerangs (quivered)
 y - 3 silver javelins
Armour
 a - a +0 cloak (worn)
 e - a scarf of harm
 j - a scarf of invisibility
 o - a +0 plate armour (worn)
 w - a +3 kite shield (worn)
 B - a +2 hat (worn)
Jewellery
 k - a ring of protection from cold (left hand)
 r - a +6 ring of strength (right hand)
 s - a ring of flight
 C - a ring of positive energy
Wands
 i - a wand of digging (5)
 l - a wand of roots (3)
Scrolls
 b - 6 scrolls of poison
 m - a scroll of noise {unknown}
 t - 2 scrolls of revelation
 u - a scroll of amnesia
Potions
 c - a potion of magic
 d - 2 potions of brilliance
 h - 3 potions of enlightenment
 q - a potion of might
 v - 2 potions of cancellation
 z - a potion of attraction
 A - a potion of mutation {unknown}
Miscellaneous
 E - a phial of floods (inert)


   Skills:
 + Level 7.0 Fighting
 - Level 14.0 Maces & Flails
 + Level 6.9 Armour
 + Level 7.0 Shields
 + Level 6.0 Invocations


You had 10 spell levels left.
You didn't know any spells.
Your spell library contained the following spells:

 Spells                   Type           Power      Damage    Failure   Level
 Slow                     Hex            0%         N/A       100%        1
 Ozocubu's Armour         Ice            0%         N/A       100%        3
 Animate Armour           Summ/Erth      0%         N/A       100%        4
 Olgreb's Toxic Radiance  Alch           0%         N/A       100%        4
 Summon Lightning Spire   Summ/Air       0%         N/A       100%        4
 Lee's Rapid Deconstruct  Erth           0%         3d4*      100%        5
 Metabolic Englaciation   Hex/Ice        0%         N/A       100%        5
 Sculpt Simulacrum        Ice/Alch       0%         N/A       100%        6
 Ozocubu's Refrigeration  Ice            0%         4d7       100%        7
 Discord                  Hex            0%         N/A       100%        8


Dungeon Overview and Level Annotations

Branches:
Dungeon (10/15)            Temple (1/1) D:4            Lair (3/5) D:9
  Snake (0/4) Lair:2
  Swamp: Lair:2-3    Shoals: Lair:2-3       Orc: D:9-12

Altars:
Ashenzari
Cheibriados
Dithmenos
Elyvilon
Fedhas
Gozag
Hepliaklqana
Kikubaaqudgha
Makhleb
Nemelex Xobeh
Okawaru
Qazlal
Ru
Sif Muna
Trog
Uskayaw
Vehumet
Wu Jian
Xom
Yredelemnul
Zin
The Shining One

Shops:
D:7 =

Annotations:
D:6 1 runed translucent door, seawaffle's ghost, novice OpSh
D:9 3 runed translucent doors, Consumeair16's ghost, journeyman GnFi; Saint1's ghost, novice MiFi; Tripartite's ghost, journeyman VSGl; jagang's ghost, novice HuMo; superradish's ghost, journeyman OpSh


Innate Abilities, Weirdness & Mutations

You are immune to sickness and miasma.
Your stone body is resilient. (AC +8)
You are immune to poison.
You resist negative energy. (rN+)
You are resistant to electric shocks. (rElec)
You are resistant to unholy torment.
You are immune to petrification.


Message History

Found a curved lead wand.
You block the black mamba's attack.
A wyvern comes into view.
The wyvern hisses angrily.
You hear a loud, deep croak!
Found an escape hatch in the ceiling.
The rime drake breathes ice at you. The icy flash freeze hits you!
You partially resist. Zin protects you from harm!
You are encased in ice.
The black mamba bites you but does no damage.
A cane toad comes into view.
The black mamba barely misses you.
The black mamba attacks as it pursues you!
The black mamba closely misses you.
Okay, then.
The ice encasing you melts away. The black mamba barely misses you.
The rime drake breathes ice at you. You block the icy flash freeze.
The black mamba bites you.
* * * LOW HITPOINT WARNING * * *
The hell rat roars deafeningly!
The wyvern bites you but does no damage.
Okay, then.
Okay, then.
Okay, then.
The hell rat roars deafeningly!
The wyvern bites you.
* * * LOW HITPOINT WARNING * * *
The hell rat roars deafeningly!
The hell rat barely misses you.
A water moccasin comes into view.
You barely miss the hell rat.
The water moccasin hisses angrily.
You block the black mamba's attack. The hell rat bites you!
Zin protects you from harm!
The air fills with toxic fumes!
As you read the scroll of poison, it crumbles to dust.
The black mamba bites you!
You die...

~≈~~~#.....# ..P..........
~≈≈~.......# #...../.....
≈≈≈~.......## #..........
≈≈~.........# #..........
~~.~.......# ##..........
~.......r..# #..Fl.##...#
.........rr# ##....P.....
.......<...## #######...........
.P..........####@S#.#.P..........
.........§S§§§§rrk§§k§§§...P.....
##.......§§§r§#§#########...##.#.
#####...§§§#### #........
##..§§.# #....##.. #.....# #...P#
........ ....# .r>...... .##
.........


You could see a black mamba, a rime drake, a water moccasin, a wyvern and 3 hell
rats.

Vanquished Creatures
  Erica (Lair:1)
  Maurice (D:9)
  A manticore (D:7)
  A kobold demonologist (D:5)
  2 cane toads (Lair:1)
  Jeremiah (D:7)
  4 komodo dragons (Lair:1)
  A troll (D:9)
  Prince Ribbit (D:6)
  3 blink frogs (Lair:1)
  18 yaks
  A warg (D:9)
  Menkaure (D:5)
  3 water moccasins
  A black bear (D:5)
  2 orc warriors (D:8)
  A sky beast (D:6)
  5 centaurs
  2 wolves (D:9)
  A phantom (D:4)
  8 bullfrogs
  A wight (D:9)
  2 electric eels (Lair:1)
  2 bombardier beetles
  2 hounds
  4 jellies
  3 orc priests
  An iguana (D:4)
  3 hell rats
  10 orc wizards
  3 gnolls
  4 adders
  A shadow imp (D:6)
  A white imp (D:7)
  2 ufetubi (D:5)
  2 dart slugs
  A ribbon worm (D:2)
  23 orcs
  4 bats
  11 endoplasms
  5 giant cockroaches
  5 goblins
  5 hobgoblins
  7 quokkas
  9 ball pythons
  5 frilled lizards (D:2)
  6 kobolds
  4 rats
185 creatures vanquished.

Notes
Turn   | Place    | Note
-------+----------+-------------------------------------------
     0 | D:1      | Tovical the Gargoyle Fighter began the quest for the Orb.
     0 | D:1      | Reached XP level 1. HP: 14/14 MP: 1/1
   172 | D:1      | Reached XP level 2. HP: 15/19 MP: 2/2
   322 | D:1      | Reached skill level 3 in Maces & Flails
   763 | D:2      | Reached XP level 3. HP: 23/23 MP: 3/3
   944 | D:2      | Found a faded altar of an unknown god.
   972 | D:2      | Got Plato's Textbook on the Wyrd
  1055 | D:2      | Reached skill level 4 in Maces & Flails
  1238 | D:3      | Reached XP level 4. HP: 27/28 MP: 4/4
  1570 | D:3      | Found a white marble altar of Elyvilon.
  1614 | D:3      | Reached skill level 5 in Maces & Flails
  1697 | D:3      | Reached XP level 5. HP: 32/32 MP: 5/5
  1817 | D:3      | Found a glowing golden altar of the Shining One.
  1971 | D:3      | Found a stormy altar of Qazlal.
  2308 | D:5      | Entered Level 5 of the Dungeon
  2370 | D:4      | Noticed a centaur
  2382 | D:4      | Noticed a phantom
  2453 | D:5      | Noticed a black bear
  2506 | D:5      | Noticed a kobold demonologist
  2524 | D:5      | Killed a kobold demonologist
  2525 | D:5      | Reached skill level 7 in Maces & Flails
  2525 | D:5      | Reached XP level 6. HP: 34/37 MP: 6/6
  2525 | D:5      | Reached XP level 7. HP: 38/41 MP: 7/7
  2781 | D:4      | Found a staircase to the Ecumenical Temple.
  2797 | Temple   | Entered the Ecumenical Temple
  2804 | Temple   | Became a worshipper of Zin the Law-Giver
  2804 | Temple   | Reached * piety under Zin
  2858 | D:4      | Reached skill level 8 in Maces & Flails
  3417 | D:5      | Noticed Menkaure
  3544 | D:5      | Killed Menkaure
  3545 | D:5      | Reached skill level 9 in Maces & Flails
  3545 | D:5      | Reached XP level 8. HP: 21/46 MP: 8/8
  3716 | D:5      | Found a burning altar of Makhleb.
  3797 | D:5      | Reached ** piety under Zin
  4606 | D:6      | Found a runed translucent door.
  4607 | D:6      | Noticed seawaffle's ghost (novice OpSh)
  4653 | D:6      | Reached skill level 10 in Maces & Flails
  5078 | D:6      | Noticed Prince Ribbit
  5095 | D:6      | Killed Prince Ribbit
  5096 | D:6      | Reached skill level 11 in Maces & Flails
  5096 | D:6      | Reached XP level 9. HP: 41/51 MP: 7/9
  5183 | D:7      | Noticed Jeremiah
  5591 | D:7      | Killed Jeremiah
  5592 | D:7      | Reached skill level 12 in Maces & Flails
  5762 | D:7      | Reached *** piety under Zin
  6061 | D:7      | Noticed a manticore
  6077 | D:7      | Killed a manticore
  6147 | D:7      | Found Vacush's Jewellery Shoppe.
  6350 | D:8      | Reached skill level 13 in Maces & Flails
  6702 | D:8      | Found an opulent altar of Gozag.
  6739 | D:9      | Found a runed translucent gate.
  6739 | D:9      | Found a runed translucent gate.
  6739 | D:9      | Found a runed translucent gate.
  7152 | D:9      | Noticed Consumeair16's ghost (journeyman GnFi)
  7152 | D:9      | Noticed Tripartite's ghost (journeyman VSGl)
  7153 | D:9      | Noticed jagang's ghost (novice HuMo)
  7157 | D:9      | Noticed Saint1's ghost (novice MiFi)
  7157 | D:9      | Noticed superradish's ghost (journeyman OpSh)
  7165 | D:9      | Noticed a troll
  7178 | D:9      | Killed a troll
  7276 | D:9      | Noticed Maurice
  7445 | D:9      | Maurice stole 357 gold
  7448 | D:9      | Something stole 3 silver javelins
  7449 | D:9      | Something stole a ring of positive energy
  7553 | D:10     | Entered Level 10 of the Dungeon
  7632 | D:9      | Reached XP level 10. HP: 45/56 MP: 10/10
  7686 | D:9      | Maurice stole a phial of floods (inert)
  7689 | D:9      | HP: 2/56 [Maurice/silver javelin (1)]
  8045 | D:9      | Found a staircase to the Lair.
  8097 | D:9      | Reached skill level 1 in Invocations
  8363 | D:9      | Something stole a +3 flail
  8365 | D:9      | Something stole 43 gold
  8366 | D:9      | Killed Maurice
  8541 | D:9      | Reached **** piety under Zin
  8773 | D:9      | Found a shimmering blue altar of Sif Muna.
  8782 | D:9      | Found a shadowy altar of Dithmenos.
  8862 | Lair:1   | Entered Level 1 of the Lair of Beasts
  9057 | Lair:1   | Reached skill level 14 in Maces & Flails
  9351 | Lair:1   | Reached skill level 5 in Fighting
  9351 | Lair:1   | Reached skill level 5 in Shields
  9367 | Lair:1   | Noticed a cane toad
  9390 | Lair:1   | Killed a cane toad
  9391 | Lair:1   | Reached skill level 5 in Armour
  9427 | Lair:2   | Noticed a black mamba
  9630 | Lair:1   | Reached XP level 11. HP: 62/64 MP: 14/14
  9664 | Lair:1   | Reached skill level 5 in Invocations
 10163 | Lair:1   | Noticed Erica
 10201 | Lair:1   | Killed Erica
 10575 | Lair:2   | Found a staircase to the Snake Pit.
 10613 | Lair:2   | Zin protects you from harm!
 10624 | Lair:2   | Zin protects you from harm!
 10639 | Lair:2   | Zin protects you from harm!
 10640 | Lair:2   | Slain by a black mamba

Illustrated notes

Levels and vault maps discovered:
D:1:      dpeg_arrival_round_b, layout_loops_ring
D:2:      layout_rooms, shapermc_ecumenical_altar_rom_forum
D:3:      layout_basic, nicolae_qazlal_scattered_showers,
          mainiacjoe_overflow_boulevard, tso_oasis_becter,
          minmay_misc_feat_diagonals, roderic_lattice_a
D:4:      layout_cave_pods, temple_green
D:5:      nicolae_cairo_tiling_large, layout_cave_pods, amcnicky_altar_gilded,
          uniq_menkaure
D:6:      layout_rooms, gammafunk_ghost_grave, kennysheep_generic_room_7,
          uniq_prince_ribbit1
D:7:      layout_basic, serial_shops, shop, uniq_jeremiah
D:8:      layout_basic, mainiacjoe_overflow_surrounded_room,
          hangedman_decor_growths
D:9:      layout_rooms, jmf_multi_god_temple2, erik_lair_orcish_takeover,
          gammafunk_ghost_cemetery, uniq_maurice
D:10:     layout_loops_ring, serial_shops, nicolae_shop_advertising_works
          [nicolae_subvault_shop_adworks]
Temple:   nicolae_temple_no_exploring_needed
Lair:1:   layout_gridlike, lemuel_fruit_tree, infiniplex_staircase_pool,
          uniq_erica
Lair:2:   layout_chaotic_city, dummy_snake_entry, fungi_pond_lemuel,
          infiniplex_staircase_pool_2
Lair:3:   layout_misc_corridors, shoals_dummy_entry, minivault_11,
          grunt_forest_large_clearing_hut, uniq_urug

Skill      XL: |  1  2  3  4  5  6  7  8  9 10 11 |
---------------+----------------------------------+-----
Maces & Flails | 3 4 5 7 9 11 13 14 | 14.0
Invocations    | 4 6 |  6.0
Fighting       | 5 7 |  7.0
Armour         | 5 6 |  6.9
Shields        | 5 7 |  7.0

Action                     |  1- 3 |  4- 6 |  7- 9 | 10-12 || total
---------------------------+-------+-------+-------+-------++-------
  Melee: Flail             |   143 |    84 |    49 |       ||   276
         Mace              |       |       |   195 |   366 ||   561
  Throw: Boomerang         |       |     8 |     6 |    10 ||    24
         Dart              |       |       |    24 |    15 ||    39
         Throwing net      |       |       |       |     2 ||     2
 Invoke: Recite            |       |       |    12 |     1 ||    13
         Vitalisation      |       |       |     3 |     3 ||     6
         Imprison          |       |       |       |     1 ||     1
  Evoke: Wand              |       |       |     6 |     4 ||    10
         Phial of floods   |       |       |       |     2 ||     2
    Use: Scroll            |     2 |     1 |    17 |     8 ||    28
         Potion            |       |     2 |       |     9 ||    11
   Stab: Invisible         |       |       |     1 |       ||     1
 Armour: Scale mail        |    88 |    19 |       |       ||   107
         Plate armour      |       |    53 |   301 |   257 ||   611
  Dodge: Dodged            |    63 |    30 |    92 |    68 ||   253
  Block: Buckler           |    24 |    20 |       |       ||    44
         Kite shield       |       |     6 |   149 |   159 ||   314
